 Dungeon Crawl Stone Soup version 0.27.0-1-g7a089689b8 (webtiles) character file.

Game seed: 1719982723586860502

555 Acheron the Chopper (level 7, 0/60 HPs)
             Began as a Minotaur Berserker on Aug 2, 2021.
             Was a Believer of Trog.
             Slain by an orc warrior (4 damage)
             ... on level 3 of the Dungeon.
             The game lasted 00:16:13 (4496 turns).

Acheron the Chopper (Minotaur Berserker)            Turns: 4496, Time: 00:16:13

Health: 0/60       AC:  8    Str: 22    XL:     7   Next: 8%
Magic:  6/6        EV: 12    Int:  5    God:    Trog [**....]
Gold:   167        SH:  0    Dex: 10    Spells: 6/6 levels left

rFire    . . .     SeeInvis .   a - +0 hand axe (elec)
rCold    . . .     Faith    .   (no shield)
rNeg     . . .     Spirit   .   i - +0 ring mail
rPois    .         Reflect  .   (helmet restricted)
rElec    .         Harm     .   (no cloak)
rCorr    .         Rampage  .   (no gloves)
Will     .....                  p - +1 pair of boots
Stlth    +.........             (no amulet)
HPRegen  0.20/turn              (no ring)
MPRegen  0.10/turn              (no ring)

@: no status effects
A: horns 2, retaliatory headbutt
a: Renounce Religion, Berserk, Trog's Hand


You were on level 3 of the Dungeon.
You worshipped Trog.
Trog was pleased with you.
You visited 2 branches of the dungeon, and saw 7 of its levels.

You collected 265 gold pieces.
You spent 98 gold pieces at shops.

Inventory:

Hand Weapons
 a - a +0 hand axe of electrocution (weapon)
 j - a +0 short sword of protection
 l - a +0 short sword of venom
Missiles
 e - 11 boomerangs (quivered)
 f - 93 sling bullets
 q - 12 poisoned darts
Armour
 i - a +0 ring mail (worn)
 p - a +1 pair of boots (worn)
Wands
 n - a wand of digging (7)
Scrolls
 g - 2 scrolls of identify
 h - a scroll of teleportation
Potions
 d - a potion of heal wounds


   Skills:
 * Level 4.9 Fighting
 * Level 5.7 Axes
 * Level 1.4 Throwing
 * Level 5.3 Armour
 * Level 3.8 Dodging
 * Level 2.0 Stealth
 * Level 0.2 Evocations


You had 6 spell levels left.
You didn't know any spells.
Your spell library was empty.

Dungeon Overview and Level Annotations

Branches:
Dungeon (6/15)             Temple (1/1) D:4

Altars:
Ashenzari
Cheibriados
Fedhas
Gozag
Kikubaaqudgha
Makhleb
Nemelex Xobeh
Okawaru
Qazlal
Trog
Wu Jian
Yredelemnul
Zin
The Shining One

Shops:
D:1 ?

Annotations:
D:2 exclusion: 2 downstairs
D:3 1 runed translucent door, Grinder, Ijyb


Innate Abilities, Weirdness & Mutations

You have a pair of horns on your head.
You reflexively headbutt those who attack you in melee.


Message History

Things that are here:
a +0 club; a +0 ring mail; an orc corpse An orc warrior comes into view.
It is wielding a +0 trident.
You barely miss the orc priest.
You headbutt the orc priest, but do no damage.
The orc priest hits you with a +0 club.
The orc priest calls down the wrath of Beogh upon you.
Pain shoots through your body!
An orc priest comes into view. It is wielding a +0 flail.
You hit the orc priest.
The orc priest is moderately wounded.
The orc priest hits you with a +0 club.
You hit the orc priest but do no damage.
Lightning courses through the orc priest!
You kill the orc priest!
Trog accepts your kill.
You hit the orc.
The orc is almost dead.
The orc closely misses you. You furiously retaliate!
You headbutt the orc!
You kill the orc!
Trog accepts your kill.
The orc warrior hits you from afar with a +0 trident.
Things that are here:
a +0 dagger of speed; a +0 club; an orc corpse The orc warrior hits you with a +0 trident!
You slash the orc warrior!
The orc warrior is moderately wounded.
You barely miss the orc priest. The orc priest barely misses you.
The orc warrior hits you but does no damage.
You closely miss the orc warrior.
The orc warrior is moderately wounded.
You hit the orc priest but do no damage.
The orc priest barely misses you.
The orc warrior hits you with a +0 trident!
* * * LOW HITPOINT WARNING * * *
The orc priest mumbles some strange prayers to Beogh against you.
Beogh smites you!
* * * LOW HITPOINT WARNING * * *
The orc warrior hits you from afar with a +0 trident.
You die...

..# . #.# .#
#.#####.#
#.......#.#
#######>##.......
........(......(#
.######.#)######
#.#.# #.#@# #.#.#
..#oo...... >.#
####.####### ..#
#.# # #...# #.#
#. #.#.# #.#
.##.#.# #.#
...#.# #.#


You could see an orc warrior and an orc priest.

Vanquished Creatures
  A phantom (D:2)
  A centaur zombie (D:5)
  3 hounds
  3 orc priests
  2 iguanas
  An orc wizard (D:5)
  2 hound skeletons (D:4)
  3 gnolls (D:4)
  5 adders
  A white imp (D:5)
  An ufetubus (D:4)
  A worm (D:3)
  3 dart slugs
  9 orcs
  7 bats
  4 endoplasms
  A giant cockroach (D:1)
  6 goblins
  4 hobgoblins
  12 kobolds
  3 quokkas (D:1)
  3 ball pythons
  3 frilled lizards
  4 rats
83 creatures vanquished.

Notes
Turn   | Place    | Note
-------+----------+-------------------------------------------
     0 | D:1      | Acheron the Minotaur Berserker began the quest for the Orb.
     0 | D:1      | Reached XP level 1. HP: 19/19 MP: 0/0
   102 | D:1      | Reached XP level 2. HP: 25/27 MP: 1/1
   178 | D:1      | Found Gedad's Magic Scroll Shoppe.
   375 | D:1      | Bought a scroll of teleportation for 42 gold pieces
   693 | D:1      | Found a faded altar of an unknown god.
   914 | D:2      | Noticed a phantom
  1052 | D:2      | Reached XP level 3. HP: 33/33 MP: 2/2
  1146 | D:2      | Reached ** piety under Trog
  1329 | D:2      | Killed a phantom
  1330 | D:2      | Reached skill level 1 in Stealth
  1330 | D:2      | Reached XP level 4. HP: 32/41 MP: 3/3
  1620 | D:2      | Reached XP level 5. HP: 47/47 MP: 4/4
  1966 | D:3      | Noticed Grinder
  1983 | D:3      | Noticed Ijyb
  2293 | D:1      | Bought a scroll of identify for 28 gold pieces
  2293 | D:1      | Bought a scroll of identify for 28 gold pieces
  2354 | D:3      | Found a runed translucent door.
  2504 | D:4      | Reached skill level 5 in Axes
  2703 | D:5      | Entered Level 5 of the Dungeon
  3014 | D:4      | Reached XP level 6. HP: 53/53 MP: 5/5
  3100 | D:4      | Found a staircase to the Ecumenical Temple.
  3118 | Temple   | Entered the Ecumenical Temple
  3874 | D:5      | Reached skill level 1 in Throwing
  3887 | D:5      | Reached skill level 5 in Armour
  4486 | D:3      | Reached XP level 7. HP: 60/60 MP: 6/6
  4496 | D:3      | Slain by an orc warrior

Illustrated notes

Levels and vault maps discovered:
D:1:      ncdulo_lavacross, layout_basic, serial_shops, nicolae_shop_waterfront,
          shapermc_ecumenical_altar_hornbeckon
D:2:      layout_basic
D:3:      layout_loops_ring, lemuel_round_altar, ebering_ghost_reflecting_pool,
          uniq_grinder, uniq_ijyb
D:4:      layout_cave_pools, minmay_temple_entry_purple_smoke,
          hangedman_decor_clover_reticule, minmay_misc_feat_plants, minivault_25
D:5:      layout_basic, hangedman_decor_opposing
D:6:      layout_basic, nicolae_uskayaw_murder_on_the_dancefloor,
          wad_floor_pattern_untrapped, uniq_pikel
Temple:   dpeg_chambers_temple

Skill      XL: |  1  2  3  4  5  6 |
---------------+-------------------+-----
Axes           | 4 5 |  5.7
Fighting       | 4 |  4.9
Armour         | 3 4 5 |  5.3
Dodging        | 3 |  3.8
Stealth        | 1 2 |  2.0
Throwing       | 1 |  1.4
Evocations     | |  0.2

Action                   |  1- 3 |  4- 6 |  7- 9 || total
-------------------------+-------+-------+-------++-------
Melee: Hand axe          |    65 |   106 |     6 ||   177
       Headbutt          |    11 |    14 |     1 ||    26
Throw: Boomerang         |       |     1 |       ||     1
  Use: Scroll            |     2 |     9 |       ||    11
Armor: Animal skin       |     8 |       |       ||     8
       Ring mail         |    18 |    31 |     1 ||    50
Dodge: Dodged            |    40 |    40 |     3 ||    83
